 Dungeon Crawl Stone Soup version 0.28.0 (webtiles) character file.

Game seed: 2471864033981210019

7 blackman the Shield-Bearer (level 1, 19/19 HPs)
             Began as a Minotaur Fighter on Feb 5, 2022.
             Was a Follower of Dithmenos.
             Quit the game on level 1 of the Dungeon.
             The game lasted 00:00:52 (167 turns).

blackman the Shield-Bearer (Minotaur Fighter)        Turns: 167, Time: 00:00:52

Health: 19/19      AC:  6    Str: 20    XL:     1   Next: 83%
Magic:  0/0        EV:  9    Int:  5    God:    Dithmenos [*.....]
Gold:   0          SH:  4    Dex:  9    Spells: 0/0 levels left

rFire   . . .      SeeInvis .   a - +0 war axe
rCold   . . .      Faith    .   c - +0 buckler
rNeg    . . .      Spirit   .   b - +0 scale mail
rPois   .          Reflect  .   (helmet restricted)
rElec   .          Harm     .   (no cloak)
rCorr   .          Rampage  .   (no gloves)
Will    .....                   (no boots)
Stlth   ..........              (no amulet)
HPRegen 0.06/turn               (no ring)
MPRegen 0.07/turn               (no ring)

@: wreathed by umbra
A: horns 2, retaliatory headbutt
a: Renounce Religion


You were on level 1 of the Dungeon.
You worshipped Dithmenos.
Dithmenos was aware of your devotion.
You visited 1 branch of the dungeon, and saw 1 of its levels.

Inventory:

Hand Weapons
 a - a +0 war axe (weapon)
Armour
 b - a +0 scale mail (worn)
 c - a +0 buckler (worn)
Potions
 d - a potion of might


   Skills:
 - Level 3.6 Fighting
 * Level 3.2 Axes
 - Level 3.6 Armour
 - Level 3.6 Shields


You couldn't memorise any spells.
You didn't know any spells.
Your spell library was empty.

Dungeon Overview and Level Annotations

Branches:
Dungeon (1/15)

Altars:
Dithmenos


Innate Abilities, Weirdness & Mutations

You have a pair of horns on your head.
You reflexively headbutt those who attack you in melee.


Message History

Found a faded altar of an unknown god.
The hobgoblin hits you but does no damage.
You barely miss the hobgoblin. You headbutt the hobgoblin.
You kill the hobgoblin!
Your Axes skill increases to level 3!
No target in view!
No target in view!
No target in view!
There is an open door here.
There is an open door here.
An endoplasm comes into view.
The endoplasm quivers.
The endoplasm moves out of view.
No target in view!
No target in view!
No target in view!
No target in view!
An endoplasm is nearby!
You can't go down here!
You hit the endoplasm but do no damage. You headbutt the endoplasm!
You kill the endoplasm!
No target in view!
No target in view!
No target in view!
You can't go down here!
There is an open door here.
You see here a hobgoblin corpse.
There is a faded altar of an unknown god here.
You cannot tell which god this altar belongs to.
Convert to them anyway?
Okay, then.
You can't go up here!
Unknown command.
There is a faded altar of an unknown god here.
You cannot tell which god this altar belongs to.
Convert to them anyway?
Okay, then.
You cannot tell which god this altar belongs to.
Convert to them anyway?
Dithmenos accepts your prayer! Dithmenos welcomes you!
You are shrouded in an aura of darkness!
Are you sure you want to abandon this character and quit the game? (Confirm with "yes".)

... .... $.##.....
#........ #.#
########### #.######
#.........# #......#
#....#....#
#......#####.#..#..#.#
#..........#.#..#..#.#
####.......'####@####+
#......##.#..#..#.#
###
#....).##†#..#..#.#
#<##
#......##....#....#
).#..##
#.....###.........#
#.##..#
#)......###########
#.#...###
#######.....#####
#.#....#. #####†....#
#.#..##.. #..##.##
#.#..##..


There were no monsters in sight!

Vanquished Creatures
  An endoplasm (D:1)
  A hobgoblin (D:1)
  2 quokkas (D:1)
  A frilled lizard (D:1)
  A kobold (D:1)
6 creatures vanquished.

Notes
Turn   | Place    | Note
-------+----------+-------------------------------------------
     0 | D:1      | blackman the Minotaur Fighter began the quest for the Orb.
     0 | D:1      | Reached XP level 1. HP: 19/19 MP: 0/0
   119 | D:1      | Found a faded altar of an unknown god.
   166 | D:1      | Prayed at the altar of an unknown god.
   166 | D:1      | Became a worshipper of Dithmenos the Shadowed
   166 | D:1      | Reached * piety under Dithmenos
   167 | D:1      | Quit the game

Illustrated notes

Levels and vault maps discovered:
D:1:      lemuel_arrival_tunnels, layout_basic,
          shapermc_ecumenical_altar_notcrosses, minmay_domino_2

Skill      XL: |  1 |
---------------+----+-----
Axes           | 3 |  3.2
Fighting       | |  3.6
Armour         | |  3.6
Shields        | |  3.6

Action                   || total
-------------------------++-------
Melee: War axe           ||     7
       Headbutt          ||     2
Armor: Scale mail        ||     2
Dodge: Dodged            ||     2
Block: Buckler           ||     1
